 Dungeon Crawl Stone Soup version 0.17.1-2-g5865329 (webtiles) character file.

12 hzbbaum the Grave Robber (level 2, -2/19 HPs)
             Began as a Demonspawn Necromancer on Jan 25, 2016.
             Slain by a jackal (3 damage)
             ... on level 1 of the Dungeon on Jan 26, 2016.
             The game lasted 00:07:50 (1098 turns).

hzbbaum the Grave Robber (Demonspawn Necromancer)   Turns: 1098, Time: 00:07:50

Health: -2/19      AC:  2    Str:  8    XL:     2   Next: 20%
Magic:  3/5        EV: 12    Int: 16    God:
Gold:   62         SH:  0    Dex: 13    Spells: 2 memorised, 3 levels left

rFire  . . .     SeeInvis .     f - +0 dagger
rCold  . . .     Clarity  .     k - +0 robe (curse)
rNeg   . . .     SustAt   .     (no shield)
rPois  .         Gourm    .     (no helmet)
rElec  .         Spirit   .     (no cloak)
rCorr  .         Warding  .     (no gloves)
rMut   .         Stasis   .     (no boots)
MR     .....                    (no amulet)
Stlth  ++........               (no ring)
                                (no ring)

@: not resistant to hostile enchantments, unstealthy
A: hooves 1
a: no special abilities


You were on level 1 of the Dungeon.
You were not hungry.

You visited 1 branch of the dungeon, and saw 1 of its levels.

You collected 62 gold pieces.

Inventory:

Hand Weapons
 f - a +0 dagger (weapon)
 g - a +0 mace
Missiles
 e - 28 sling bullets
 h - 5 stones (quivered)
Armour
 a - a +0 robe
 k - a cursed +0 robe (worn)
Scrolls
 n - 2 scrolls of identify {unknown}
 p - a scroll of amnesia {unknown}
 q - a scroll of fog
Potions
 i - 2 potions of curing {unknown}
 j - a potion of flight {unknown}
 l - a potion of mutation {unknown}
 m - 2 potions of invisibility {unknown}
Books
 b - a book of Necromancy

   Spells                             Type                      Level
   a - Pain                           Necromancy                   1
   b - Animate Skeleton               Necromancy                   1
   c - Vampiric Draining              Necromancy                   3
   d - Regeneration                   Charms/Necromancy            3
   e - Animate Dead                   Necromancy                   4
   f - Control Undead                 Necromancy                   4
Comestibles
 d - a meat ration


   Skills:
 + Level 1.9 Dodging
 + Level 1.7 Stealth
 + Level 2.1 Spellcasting
 + Level 4.8 Necromancy


You had 3 spell levels left.
You knew the following spells:

 Your Spells              Type           Power        Failure   Level  Hunger
a - Pain                  Necr           ###.         3%          1    #......
b - Animate Skeleton      Necr           N/A          3%          1    #......


Dungeon Overview and Level Annotations

Branches:
Dungeon (1/15)

Altars:


Innate Abilities, Weirdness & Mutations

You have large cloven feet.


Message History

You barely miss the jackal.
The jackal is severely wounded.
The jackal completely misses you. The jackal barely misses you.
You closely miss the jackal.
The jackal is severely wounded.
The jackal barely misses you.
You hit the jackal.
You kill the jackal!
You hit the jackal but do no damage. You kick the jackal, but do no damage.
The jackal misses you. The rat misses you. The jackal barely misses you.
You barely miss the jackal. The jackal closely misses you. The rat misses you.
You closely miss the jackal. The jackal bites you.
* * * LOW HITPOINT WARNING * * *
The rat barely misses you.
Unknown command.
You hit the jackal.
The jackal is lightly wounded.
The jackal bites you but does no damage.
The rat barely misses you. The jackal bites you.
You die...

#.# #......... #.#
##############.### #.#
#................. #.#
#...........#...#. #.#
##############..#. #.#
#.....>...........
#.#####.#.######.#######
#.......r...............
#######@#.####.#.#######
####h#.####.#.#######
#.....r..##.#.....Z..
#........##.#########
#........##.#
#.........#.# ######
#.........#.# #.....
#.........#.# #.....
#.....h...#.# #.....


You could see a jackal and a rat.

Vanquished Creatures
  3 bats (D:1)
  A goblin (D:1)
  2 jackals (D:1)
  A giant gecko (D:1)
  A kobold (D:1)
  A rat (D:1)
9 creatures vanquished.

Vanquished Creatures (collateral kills)
  A bat (D:1)
  A kobold (D:1)
  A rat (D:1)
3 creatures vanquished.

Grand Total: 12 creatures vanquished

Notes
Turn   | Place    | Note
--------------------------------------------------------------
     0 | D:1      | hzbbaum the Demonspawn Necromancer began the quest for the Orb.
     0 | D:1      | Reached XP level 1. HP: 13/13 MP: 3/3
    22 | D:1      | Learned a level 1 spell: Animate Skeleton
   830 | D:1      | Gained mutation: You have large cloven feet. [demonic ancestry]
   830 | D:1      | Reached XP level 2. HP: 16/19 MP: 5/5
  1098 | D:1      | Slain by a jackal

Action                   || total
-------------------------++-------
Melee: Dagger            ||    40
       Unarmed           ||     8
 Cast: Pain              ||     6
       Animate Skeleton  ||     3
  Use: Scroll            ||     2
  Eat: Bread ration      ||     1
